 Dungeon Crawl Stone Soup version 0.14.2 (webtiles) character file.

1624 dngmouse the Conjurer (level 8, -1/41 HPs)
             Began as a Deep Elf Conjurer on June 5, 2015.
             Slain by a killer bee (10 damage)
             ... on Level 7 of the Dungeon.
             The game lasted 00:52:14 (5230 turns).

dngmouse the Conjurer (Deep Elf Conjurer)           Turns: 5230, Time: 00:52:16

HP  -1/41        AC  6     Str  5 (6)  XL: 8   Next: 50%
MP  10/21        EV 17     Int 20 (22) God:
Gold 143         SH  0     Dex 14 (15) Spells:  4 memorised,  3 levels left

rFire  . . .     SeeInvis .     o - staff of summoning
rCold  . . .     Clarity  .     a - +0 robe
rNeg   . . .     Conserve .     (no shield)
rPois  .         rCorr    .     (no helmet)
rElec  .         rRot     .     y - -1 cloak
SustAb . .       Spirit   .     t - +1 pair of gloves
rMut   .         Warding  +     (no boots)
Gourm  +         Stasis   .     D - amulet of the gourmand
MR     .....                    (no ring)
                                (no ring)

@: lethally poisoned, not resistant to hostile enchantments, fairly stealthy
A: yellow scales 1, deterioration 1
a: no special abilities


You were on level 7 of the Dungeon.
You were very full.

You visited 1 branch of the dungeon, and saw 7 of its levels.

You collected 143 gold pieces.

Inventory:

Hand weapons
 e - a +0,+0 club
 q - a +0,+0 long sword
 v - a +4,+2 short sword
Missiles
 f - 4 darts of flame (quivered)
Armour
 a - a +0 robe (worn)
 d - a +2 leather armour
 t - a +1 pair of gloves (worn)
 y - a -1 cloak (worn)
Magical devices
 m - a wand of fireball (5) {unknown}
 E - a wand of confusion (19)
 G - a wand of disintegration (18)
Comestibles
 b - 4 bread rations
 z - a meat ration
 B - a choko
 F - 2 apples
Scrolls
 g - 3 scrolls of identify {unknown}
 j - 4 scrolls of noise
 k - 3 scrolls of teleportation
 l - 3 scrolls of enchant weapon I
 C - a scroll of fear {unknown}
Jewellery
 h - an uncursed ring of teleportation
 D - an amulet of the gourmand (around neck)
Potions
 i - a potion of haste {unknown}
 p - a potion of heal wounds
 u - a potion of invisibility {unknown}
Books
 c - a book of Conjurations

   Spells                             Type                      Level
   *Magic Dart                        Conjuration                  1
   *Searing Ray                       Conjuration                  2
   *Dazzling Spray                    Conjuration/Hexes            3
   Fulminant Prism                    Conjuration/Hexes            4
   *Iskenderun's Mystic Blast         Conjuration                  4
   Iskenderun's Battlesphere          Conjuration/Charms           5
Magical staves
 o - an uncursed staff of summoning (weapon)


   Skills:
 + Level 8.7 Dodging
 - Level 2.4 Stealth
 - Level 3.0 Spellcasting
 + Level 9.7 Conjurations
 - Level 1.0 Hexes


You had 3 spell levels left.
You knew the following spells:

 Your Spells              Type           Power        Failure   Level  Hunger
a - Magic Dart            Conj           ####         1%          1    None
b - Searing Ray           Conj           #####.       1%          2    ##.....
c - Dazzling Spray        Conj/Hex       ###.....     6%          3    ###....
d - Iskenderun's Mystic   Conj           #####...     2%          4    ####...


Dungeon Overview and Level Annotations

Branches:
Dungeon (7/15)
 Temple: D:4-7

Altars:


Innate Abilities, Weirdness & Mutations

You are partially covered in yellow scales (AC +2).
Your body is slowly deteriorating.


Message History

You feel sick. The killer bee closely misses you.
The killer bee closely misses you. The killer bee closely misses you.
The killer bee barely misses you.
You feel sick. The killer bee misses you. The killer bee misses you.
The killer bee stings you but does no damage.
The killer bee closely misses you. The killer bee stings you.
The killer bee stings you but does no damage.
The killer bee barely misses you. The killer bee closely misses you.
You feel sick. The killer bee stings you. The killer bee barely misses you.
The killer bee stings you.
* * * LOW HITPOINT WARNING * * *
The killer bee closely misses you. The killer bee stings you.
* * * LOW HITPOINT WARNING * * *
You are more poisoned.
The killer bee poisons you!
The killer bee stings you but does no damage.
The killer bee stings you!
You die...

#.....(.................#
##.....###.....##......##
#....((.....####.....##
#.#%#####.....##..####
#......##..##.##..#
###.##.##.........#
#........##.....#
#........##..####
##.#..##@##..##
#.##..kkk....#
#........##.##
#.#####..#### #........##
#######...# #...# #...#
#...#####.#


You could see 3 killer bees.

Vanquished Creatures
  Edmund (D:5)
  3 ice beasts
  2 ogres
  4 centaurs
  Blork the orc (D:5)
  A jelly (D:5)
  A quasit (D:7)
  An iguana (D:4)
  An orc priest (D:5)
  An orc wizard (D:6)
  5 worker ants
  A big kobold zombie (D:6)
  An ogre skeleton (D:5)
  2 worker ant zombies
  4 gnolls (D:3)
  An orc zombie (D:5)
  2 adders
  A shadow imp (D:6)
  3 giant mites
  A worm (D:7)
  A giant gecko (D:3)
  An ooze (D:3)
  29 orcs
  A bat zombie (D:6)
  6 giant cockroaches
  5 goblins
  6 hobgoblins
  A ball python (D:4)
  7 bats
  5 giant newts
  A hobgoblin skeleton (D:6)
  A hobgoblin zombie (D:6)
  3 jackals (D:3)
  6 kobolds
  A kobold skeleton (D:4)
  A quokka (D:5)
  3 rats
115 creatures vanquished.

Vanquished Creatures (others)
  An adder (D:5)
1 creature vanquished.

Grand Total: 116 creatures vanquished

Notes
Turn   | Place    | Note
--------------------------------------------------------------
     0 | D:1      | dngmouse, the Deep Elf Conjurer, began the quest for the Orb.
     0 | D:1      | Reached XP level 1. HP: 10/10 MP: 5/5
   307 | D:3      | Reached XP level 2. HP: 15/15 MP: 6/8
   326 | D:3      | Reached skill level 5 in Conjurations
   369 | D:3      | Learned a level 2 spell: Searing Ray
   590 | D:3      | You fall through a shaft!
   590 | D:5      | Entered Level 5 of the Dungeon
   682 | D:4      | Reached XP level 3. HP: 19/19 MP: 5/10
   807 | D:3      | Reached skill level 6 in Conjurations
  1105 | D:3      | Reached XP level 4. HP: 24/24 MP: 1/13
  1234 | D:3      | Learned a level 3 spell: Dazzling Spray
  1845 | D:3      | Reached skill level 1 in Hexes
  1979 | D:4      | Reached XP level 5. HP: 18/28 MP: 4/16
  2718 | D:5      | Reached skill level 7 in Conjurations
  2739 | D:6      | Reached XP level 6. HP: 20/32 MP: 1/18
  2867 | D:5      | Noticed a centaur
  2880 | D:5      | Killed a centaur
  2880 | D:5      | Reached skill level 5 in Dodging
  3025 | D:5      | Learned a level 4 spell: Iskenderun's Mystic Blast
  3029 | D:5      | Noticed an ogre
  3037 | D:5      | Killed an ogre
  3204 | D:5      | Noticed a centaur
  3356 | D:5      | Killed a centaur
  3356 | D:5      | Reached XP level 7. HP: 29/36 MP: 12/20
  3454 | D:5      | Noticed Blork the orc
  3464 | D:5      | Killed Blork the orc
  3464 | D:5      | Reached skill level 8 in Conjurations
  3595 | D:5      | Noticed a centaur
  3601 | D:5      | Killed a centaur
  3983 | D:6      | Noticed Edmund
  3998 | D:5      | Gained mutation: Your body is slowly deteriorating. [potion of mutation]
  3998 | D:5      | Gained mutation: You are partially covered in yellow scales (AC +2). [potion of mutation]
  4035 | D:5      | Killed Edmund
  4096 | D:6      | Noticed an ice beast
  4104 | D:6      | Killed an ice beast
  4104 | D:6      | Reached XP level 8. HP: 41/41 MP: 0/21
  4551 | D:6      | Reached skill level 9 in Conjurations
  4993 | D:6      | Noticed an ogre
  5026 | D:6      | Killed an ogre
  5230 | D:7      | Slain by a killer bee

Action                   |  1- 3 |  4- 6 |  7- 9 || total
-------------------------+-------+-------+-------++-------
Melee: Staff             |       |     7 |    26 ||    33
 Cast: Magic Dart        |    66 |   149 |    95 ||   310
       Dazzling Spray    |       |    11 |    14 ||    25
       Searing Ray       |       |     5 |    24 ||    29
       Iskenderun's Myst |       |       |    12 ||    12
Evoke: Wand              |       |       |     3 ||     3
  Use: Potion            |       |     1 |     4 ||     5
       Scroll            |       |       |     9 ||     9
 Stab: Confused          |       |       |     1 ||     1
       Sleeping          |       |       |     1 ||     1
